AoeStats
← KriVetz

Pilgrims

509416064Analyzed
3v3 RM · 6d ago on Sep 26, 2026· 39m 43s· 6 players
Game mode
Random Map
Map size
Normal (6 player)
Population
200
Speed
Normal
Resources
Standard
Victory
Conquest
Starting age
Dark Age
Ending age
Imperial Age
RankedLock teamsTeams togetherTeam positionsShared explorationLock speedFull tech treeHidden civsTurbo modeCheats
Victory
Defeat
🇹🇷 Mongols · Türkiye
1272
+8
🇹🇷 Huns · Türkiye
1067
+16
🇹🇷 Byzantines · Türkiye
1025
+17
🇺🇸 Sicilians · United States
1081
-14
🇺🇸 Japanese · United States
1080
-14
🇧🇷 Vikings · Brazil
1065
-13
michaelarendash
3:05 Loom
10:44 Feudal Age
11:10 Double-Bit Axe
17:37 Castle Age
17:17 Gold Mining
17:17 Stone Mining
27:06 Wheelbarrow
33:47 Imperial Age
33:25 Man-at-Arms
34:10 Long Swordsman
FALA MEU AMOR!
11:01 Feudal Age
13:31 Double-Bit Axe
18:37 Castle Age
16:37 Gold Mining
16:56 Man-at-Arms
17:38 Scale Mail Armor
17:49 Forging
17:51 Arson
18:50 Long Swordsman
20:50 Pikeman
22:00 Horse Collar
25:21 Iron Casting
24:49 Squires
25:07 Bow Saw
28:52 Chain Mail Armor
29:57 Gold Shaft Mining
29:42 Heavy Plow
35:44 Imperial Age
36:31 Chieftains
36:06 Two-Handed Swordsman
37:48 Blast Furnace
37:48 Plate Mail Armor
38:14 Champion
ragsonsticks
11:31 Feudal Age
9:47 Loom
15:06 Town Watch
19:42 Castle Age
17:45 Fletching
19:59 Stone Mining
20:34 Double-Bit Axe
28:17 Wheelbarrow
29:30 Bodkin Arrow
30:42 Hand Cart
36:30 Imperial Age
KriVetz
11:48 Feudal Age
14:24 Double-Bit Axe
15:36 Wheelbarrow
16:35 Loom
19:43 Castle Age
17:40 Gold Mining
18:24 Bloodlines
20:06 Scale Barding Armor
20:12 Forging
20:51 Husbandry
23:37 Chain Barding Armor
25:40 Iron Casting
28:14 Hand Cart
38:48 Marauders
Nebuchadnezzar
3:35 Loom
11:46 Feudal Age
17:48 Wheelbarrow
17:21 Fletching
17:45 Gold Mining
21:27 Castle Age
20:11 Stone Mining
22:47 Bodkin Arrow
33:52 Double-Bit Axe
34:43 Padded Archer Armor
35:54 Ballistics
35:52 Husbandry
38:03 Bow Saw
37:59 Horse Collar
39:48 Bloodlines
Roussel de Bailleul
11:24 Feudal Age
13:54 Loom
18:54 Castle Age
16:46 Double-Bit Axe
16:56 Stone Mining
16:59 Gold Mining
16:52 Horse Collar
21:32 Wheelbarrow
22:55 Medium Warships
23:43 Stone Shaft Mining
24:15 Hand Cart
27:29 Fletching
30:19 Imperial Age
28:02 Greek Fire
28:57 Gold Shaft Mining
30:40 Siphons
30:47 Fortified Wall
30:18 Treadmill Crane
31:12 Bow Saw
32:09 Bodkin Arrow
33:34 Chemistry
32:32 Murder Holes
34:03 Scale Barding Armor
34:12 Elite Skirmisher
34:58 Thumb Ring
36:07 Ballistics
37:05 Heavy Warships
37:14 Conscription
40:47 Hoardings
Connection lost

Rejoining the realm…

Still unreachable

The connection could not be restored.

Session expired

The server has moved on; the page needs a fresh start.